 Dungeon Crawl Stone Soup version 0.28.0-53-g5a82cb258f (webtiles) character file.

Game seed: 16986008347540424798

88 adizb the Conjurer (level 4, 0/36 HPs)
             Began as a Deep Elf Conjurer on July 17, 2022.
             Succumbed to Crazy Yiuf's poison
             ... on level 2 of the Dungeon.
             The game lasted 00:08:30 (1356 turns).

adizb the Conjurer (Deep Elf Conjurer)              Turns: 1356, Time: 00:08:31

Health: 0/36       AC: 22    Str:  4    XL:     4   Next: 30%
Magic:  7/12       EV:  2    Int: 25    God:
Gold:   58         SH:  0    Dex: 13    Spells: 9/12 levels left

rFire   . . .      SeeInvis .   f - +0 short sword
rCold   . . .      Faith    .   (no shield)
rNeg    . . .      Spirit   .   (armour currently unavailable)
rPois   +          Reflect  .   (helmet currently unavailable)
rElec   .          Harm     .   (cloak currently unavailable)
rCorr   .          Rampage  .   (gloves currently unavailable)
Will    .....      NoTele   +   (boots currently unavailable)
Stlth   ++........              (no amulet)
HPRegen 0.12/turn               (no ring)
MPRegen 0.13/turn               (no ring)

@: lethally poisoned (0 -> -23), tree-form
A: stationary, stasis, torment immunity, boosted hp
a: no special abilities


You were on level 2 of the Dungeon.
You were a tree.
You visited 1 branch of the dungeon, and saw 2 of its levels.

You collected 58 gold pieces.

Inventory:

Hand Weapons
 f - a +0 short sword (weapon)
Armour
 a - a +0 robe (melded)
 i - a +0 helmet (melded)
Wands
 h - a wand of digging (8)
Scrolls
 d - 3 scrolls of identify {unknown}
 e - a scroll of teleportation {unknown}
 g - a scroll of enchant weapon {unknown}
Potions
 b - a potion of cancellation {unknown}


   Skills:
 + Level 3.2 Dodging
 + Level 3.4 Stealth
 * Level 4.6 Spellcasting
 + Level 4.8 Conjurations


You had 9 spell levels left.
You knew the following spells:

 Your Spells              Type           Power      Damage    Failure   Level
a - Magic Dart            Conj           100%       1d8       1%          1
b - Searing Ray           Conj           60%        2d6       1%          2

Your spell library contained the following spells:

 Spells                   Type           Power      Damage    Failure   Level
 Dazzling Flash           Conj/Hex       36%        N/A       10%         3
 Fulminant Prism          Conj/Hex       9%         3d7       30%         4
 Iskenderun's Mystic Bla  Conj/Tloc      18%        2d6       30%         4


Dungeon Overview and Level Annotations

Branches:
Dungeon (2/15)

Altars:

Annotations:
D:2 Crazy Yiuf


Message History

The goblin shouts!
Aiming: Magic Dart (safe; 1% risk of failure)
Press: ? - help, Q - select action, (/) - cycle Shift-Dir - straight line, f - goblin
Aim: a goblin, wielding a +0 club (100% to hit)
The magic dart hits the goblin.
You kill the goblin!
You see here a giant cockroach corpse.
You see here a +0 club.
Found a stone staircase leading up.
There is a stone staircase leading down here.
Found a mace.
Found a runed translucent door.
Crazy Yiuf shouts!
You open the door.
Aiming: Searing Ray (safe; 1% risk of failure)
Press: ? - help, Q - select action, (/) - cycle Shift-Dir - straight line The searing ray hits Crazy Yiuf.
Crazy Yiuf is lightly wounded. (Press . to maintain the ray.) Crazy Yiuf laughs, "Millenium!"
Crazy Yiuf hits you with a +3 quarterstaff of chaos.
You are poisoned.
The searing ray hits Crazy Yiuf.
Crazy Yiuf is moderately wounded.
You feel very sick. Crazy Yiuf misses you.
The searing ray hits Crazy Yiuf.
Crazy Yiuf is heavily wounded.
You feel sick. Crazy Yiuf completely misses you.
The searing ray hits Crazy Yiuf but does no damage.
Crazy Yiuf is heavily wounded.
You finish channelling your searing ray.
You feel sick.
Crazy Yiuf hits you with a +3 quarterstaff of chaos!
Ouch! That really hurt!
* * * LOW HITPOINT WARNING * * *
You are more poisoned.
It was a potion of lignification.
You turn into a tree.
Your +0 helmet melds into your body.
Your +0 robe melds into your body.
Your roots penetrate the ground.
You die...

................>................
.####......###########....#######
÷####..÷...# ####.# .....##.####
##### #<..# .....##....# #)..#
##### (....##....# #...#
.....###...# ... ###### #...# #g#
#..## #♣## ##.# ##.# #.# #.## #.#
##.# #.# ##.## #.## ##...# ##..#
#....# #...# ##..## #...####....#


You could see Crazy Yiuf.

Vanquished Creatures
  A gnoll (D:1)
  3 adders (D:2)
  A worm (D:2)
  A dart slug (D:1)
  6 bats
  An endoplasm (D:1)
  3 giant cockroaches
  4 goblins
  2 hobgoblins
  4 jackals (D:2)
  6 kobolds
  2 quokkas (D:2)
  6 ball pythons
  2 frilled lizards (D:1)
  7 rats
49 creatures vanquished.

Notes
Turn   | Place    | Note
-------+----------+-------------------------------------------
     0 | D:1      | adizb the Deep Elf Conjurer began the quest for the Orb.
     0 | D:1      | Reached XP level 1. HP: 10/10 MP: 6/6
    89 | D:1      | Reached XP level 2. HP: 15/15 MP: 0/8
   376 | D:1      | Learned a level 2 spell: Searing Ray
   591 | D:1      | Reached XP level 3. HP: 19/19 MP: 7/10
   700 | D:1      | Found a faded altar of an unknown god.
   979 | D:2      | Reached XP level 4. HP: 24/24 MP: 2/12
  1347 | D:2      | Found a runed translucent door.
  1348 | D:2      | Noticed Crazy Yiuf
  1356 | D:2      | Succumbed to Crazy Yiuf's poison

Illustrated notes

Levels and vault maps discovered:
D:1:      lemuel_arrival_rhombus, layout_basic,
          shapermc_ecumenical_altar_mp_vishouse
D:2:      layout_basic, feat_on_display, uniq_crazy_yiuf_cottage

Skill      XL: |  1  2  3 |
---------------+----------+-----
Stealth        | 3 |  3.4
Spellcasting   | 4 |  4.6
Dodging        | 3 |  3.2
Conjurations   | |  4.8

Action                   |  1- 3 |  4- 6 || total
-------------------------+-------+-------++-------
Melee: Short sword       |    12 |     2 ||    14
 Cast: Magic Dart        |    54 |    15 ||    69
       Searing Ray       |     3 |     2 ||     5
  Use: Potion            |       |     1 ||     1
 Stab: Sleeping          |     1 |       ||     1
Armor: Robe              |     2 |     2 ||     4
Dodge: Dodged            |    13 |     7 ||    20
